 Dungeon Crawl Stone Soup version 0.19.3-4-gbf9329e (console) character file.

2958 Grinner the Basher (level 9, -16/97 HPs)
             Began as an Ogre Monk on Jan 30, 2017.
             Demolished by an orc knight
             ... wielding a +0 halberd
              (23 damage)
             ... in a bailey.
             The game lasted 00:27:09 (7513 turns).

Grinner the Basher (Ogre Monk)                      Turns: 7513, Time: 00:27:09

Health: -16/97     AC:  3    Str: 25    XL:     9   Next: 81%
Magic:  9/9        EV: 15    Int:  9    God:
Gold:   368        SH:  0    Dex: 18    Spells: 0 memorised, 8 levels left

rFire  . . .     SeeInvis .     b - +0 giant spiked club
rCold  . . .     Gourm    .     y - +0 robe
rNeg   . . .     Faith    .     (shield currently unavailable)
rPois  +         Spirit   .     (helmet restricted)
rElec  .         Reflect  .     (no cloak)
rCorr  .         Harm     .     (gloves unavailable)
MR     +....                    (boots unavailable)
Stlth  ++........               (no amulet)
                                p - ring of protection from magic
                                v - +5 ring of dexterity

@: mighty, flying
A: unfitting armour, poison resistance, tough skin 1
a: no special abilities


You were in a bailey.
You were hungry.

You visited 1 branch of the dungeon, and saw 7 of its levels.
You also visited: Sewer and Bailey.

You collected 368 gold pieces.

Inventory:

Hand Weapons
 a - the +0 whip of Deiluet {drain, rF+ Str+4}
   (You found it on level 4 of the Dungeon)

   A truly terrible weapon, it drains the life of those it strikes.
   It affects your strength (+4).
   It protects you from fire.
 b - a +0 giant spiked club (weapon)
 i - a +0 arbalest
Missiles
 e - a javelin (quivered)
 l - 7 bolts
 s - 3 tomahawks
Armour
 y - a +0 robe (worn)
Jewellery
 p - a ring of protection from magic (right hand)
 u - an uncursed ring of poison resistance
 v - a +5 ring of dexterity (left hand)
Wands
 x - a wand of confusion (0/48)
Scrolls
 d - 4 scrolls of blinking
 h - 2 scrolls of enchant armour
 k - a scroll of amnesia
 n - 2 scrolls of teleportation
 t - a scroll of remove curse
 w - a scroll of fear
 A - a scroll of torment
Potions
 j - a potion of magic
 r - 3 potions of degeneration
Comestibles
 c - 6 bread rations
 f - 4 beef jerkies
 m - a chunk of flesh
 o - a slice of pizza


   Skills:
 + Level 8.6 Fighting
 * Level 11.2 Maces & Flails
 - Level 4.2 Throwing
 + Level 7.4 Dodging
 - Level 1.4 Stealth


You had 8 spell levels left.
You didn't know any spells.

Dungeon Overview and Level Annotations

Branches:
Dungeon (7/15)
 Temple: D:4-7

Altars:
Ashenzari
Gozag
Hepliaklqana
Kikubaaqudgha
Makhleb
Qazlal
Uskayaw
Xom
The Shining One

Annotations:
D:6 micr0chasm's ghost, novice HOAr


Innate Abilities, Weirdness & Mutations

You are too large for most types of armour.
You have tough skin. (AC +1)
Your system is resistant to poisons. (rPois)


Message History

The orc warrior shoots a bolt.
The bolt completely misses you.
Wield which item (- for none, * to show all)? (? for menu, Esc to quit)
b - a +0 giant spiked club (weapon)
The orc knight roars a battlecry!
The orc warriors go into a battle-frenzy!
The orc warrior shoots a bolt.
The bolt closely misses you. The orc knight hits you with a halberd!
* * * LOW HITPOINT WARNING * * *
The orc warrior shoots a bolt.
The bolt completely misses you.
You bludgeon the orc knight!!
The orc knight is heavily wounded.
The orc knight hits you with a halberd.
* * * LOW HITPOINT WARNING * * *
You barely miss the orc knight.
The orc knight is heavily wounded.
The orc knight barely misses you.
You hit the orc knight.
The orc knight is severely wounded.
The orc knight hits you with a halberd!!
You die...

## ###
.###########∩######### #
..##.....##.∩.##.oo..## =#
..#..≈≈≈..#...#(@≈≈≈o.# ..#
..#.≈≈.≈≈.....(.≈≈(≈≈.#(.[#
..))≈..(≈.....(.≈(.(≈('.(.#
..#.≈≈(≈≈.......≈≈(≈≈(#..[#
..#..≈≈≈..#...#..≈≈≈..# ..#
..##.....##...##.....## .#
.###########∩######### # ##
###


You could see an orc knight and 2 orc warriors.

Vanquished Creatures
  2 orc knights (Bailey)
  Eustachio (D:5)
  Menkaure (D:4)
  6 orc warriors (Bailey)
  A phantom (D:7)
  An ogre (D:6)
  A centaur (D:7)
  2 bullfrogs (Sewer)
  A howler monkey (D:5)
  3 crimson imps
  A bullfrog zombie (D:5)
  A quasit (D:7)
  A hound (D:5)
  2 orc priests
  2 orc wizards
  A bullfrog skeleton (D:5)
  3 worker ants
  2 hound skeletons
  12 adders
  18 oozes
  An adder skeleton (D:4)
  4 worms
  A dart slug (D:2)
  15 leopard geckos
  24 orcs
  14 ball pythons
  10 bats
  18 giant cockroaches
  8 goblins
  5 hobgoblins
  6 jackals
  A quokka (D:4)
  11 frilled lizards
  A jackal zombie (D:5)
  8 kobolds
  2 leopard gecko skeletons (D:4)
  A quokka skeleton (D:7)
  6 rats
198 creatures vanquished.

Notes
Turn   | Place    | Note
-------+----------+-------------------------------------------
     0 | D:1      | Grinner the Ogre Monk began the quest for the Orb.
     0 | D:1      | Reached XP level 1. HP: 24/24 MP: 1/1
    86 | D:1      | Reached XP level 2. HP: 20/32 MP: 2/2
   569 | D:1      | Reached XP level 3. HP: 33/39 MP: 3/3
  1229 | D:2      | Found an ancient bone altar of Kikubaaqudgha.
  1293 | D:2      | Found a burning altar of Makhleb.
  1491 | D:2      | Reached skill level 1 in Throwing
  1592 | D:2      | Reached skill level 5 in Maces & Flails
  1592 | D:2      | Reached XP level 4. HP: 48/49 MP: 4/4
  1717 | D:3      | Found a shattered altar of Ashenzari.
  1963 | D:3      | Found a glowing drain.
  1971 | Sewer    | Entered a sewer
  2200 | Sewer    | Reached XP level 5. HP: 55/55 MP: 5/5
  2653 | Sewer    | Reached skill level 5 in Fighting
  3088 | Sewer    | Reached XP level 6. HP: 36/66 MP: 6/6
  3109 | Sewer    | HP: 3/66 [leopard gecko (3)]
  3114 | Sewer    | HP: 1/66 [ball python (2)]
  3119 | Sewer    | HP: 2/66 [frilled lizard (1)]
  3487 | Sewer    | Reached skill level 6 in Maces & Flails
  4280 | D:3      | Found a stormy altar of Qazlal.
  4436 | D:3      | Reached XP level 7. HP: 62/72 MP: 7/7
  4838 | D:4      | Found an opulent altar of Gozag.
  5283 | D:4      | Got a translucent whip
  5284 | D:4      | Identified the cursed +0 whip of Deiluet {drain, rF+ Str+4} (You found it on level 4 of the Dungeon)
  5455 | D:4      | Reached skill level 7 in Maces & Flails
  5467 | D:4      | Noticed Menkaure
  5481 | D:4      | Killed Menkaure
  5481 | D:4      | Reached skill level 5 in Dodging
  5775 | D:4      | Found a shimmering altar of Xom.
  5916 | D:5      | Entered Level 5 of the Dungeon
  6039 | D:5      | Found a hazy altar of Hepliaklqana.
  6127 | D:5      | Reached XP level 8. HP: 61/83 MP: 8/8
  6185 | D:5      | Found a glowing golden altar of the Shining One.
  6252 | D:5      | Noticed Eustachio
  6254 | D:5      | Reached skill level 8 in Maces & Flails
  6281 | D:5      | Killed Eustachio
  6682 | D:5      | Found a hide-covered altar of Uskayaw.
  6817 | D:6      | Gained mutation: Your system is resistant to poisons. (rPois) [potion of beneficial mutation]
  6909 | D:6      | Noticed micr0chasm's ghost (novice HOAr)
  7047 | D:7      | Reached skill level 9 in Maces & Flails
  7221 | D:7      | Found a flagged portal.
  7230 | Bailey   | Entered a bailey
  7230 | Bailey   | Noticed an orc knight
  7259 | Bailey   | Killed an orc knight
  7259 | Bailey   | Reached XP level 9. HP: 85/93 MP: 9/9
  7275 | Bailey   | Reached skill level 10 in Maces & Flails
  7301 | Bailey   | Noticed an orc knight
  7319 | Bailey   | Killed an orc knight
  7410 | Bailey   | Reached skill level 11 in Maces & Flails
  7489 | Bailey   | Noticed an orc knight
  7513 | Bailey   | Demolished by an orc knight

Skill      XL: |  1  2  3  4  5  6  7  8  9 |
---------------+----------------------------+-----
Dodging        | 3 4 5 6 7 |  7.4
Throwing       | 1 2 3 4 |  4.2
Maces & Flails | 5 6 7 9 11 | 11.2
Fighting       | 5 6 7 8 |  8.6
Stealth        | |  1.4

Action                   |  1- 3 |  4- 6 |  7- 9 || total
-------------------------+-------+-------+-------++-------
Melee: Mace              |   121 |   322 |    52 ||   495
       Whip              |       |       |   310 ||   310
       Giant spiked club |       |       |    13 ||    13
 Fire: Arbalest          |       |       |    26 ||    26
Throw: Javelin           |       |    25 |    14 ||    39
Evoke: Wand              |       |       |    17 ||    17
  Use: Scroll            |       |     5 |    11 ||    16
       Potion            |       |     8 |     6 ||    14
 Stab: Sleeping          |     1 |     1 |     1 ||     3
       Invisible         |       |       |     2 ||     2
       Confused          |       |       |     1 ||     1
  Eat: Chunk             |     1 |     5 |    11 ||    17
       Meat ration       |       |     1 |       ||     1
Armor: Robe              |    34 |   130 |    58 ||   222
       Skin              |       |    50 |       ||    50
Dodge: Dodged            |    70 |   344 |   207 ||   621
